 Dungeon Crawl Stone Soup version 0.30.1-11-g7821555f0a (webtiles) character file.

Game seed: 11236338154519713885

20 Woods the Ruffian (level 2, 0/25 HPs)
             Began as a Naga Transmuter on Nov 4, 2023.
             Slain by a jackal (3 damage)
             ... on level 1 of the Dungeon.
             The game lasted 00:02:08 (792 turns).

Woods the Ruffian (Naga Transmuter)                  Turns: 792, Time: 00:02:08

Health: 0/25       AC:  2    Str: 12    XL:     2   Next: 79%
Magic:  4/5        EV: 10    Int: 13    God:
Gold:   49         SH:  0    Dex: 11    Spells: 4/5 levels left

rFire   . .          .
                       - Unarmed
rCold   . . .        (no shield)
rNeg    . . .        a - +0 robe
rPois   +            (helmet currently unavailable)
rElec   .            (no cloak)
rCorr   .            i - +0 pair of gloves
SInv    +            (no barding)
Will    .....        (no amulet)
Stlth   ++           (no ring)
HPRegen 0.24/turn    (no ring)
MPRegen 0.09/turn

%: no passive effects
@: short of breath, appendages, very slow
A: horns 2, AC +0, large, see invisible, deformed body, poison resistance,
slowness 2, spit poison 1, naga tail 1
a: Spit Poison, End Transformation


You were on level 1 of the Dungeon.
You had temporarily grown beastly horns.
You visited 1 branch of the dungeon, and saw 1 of its levels.

You collected 49 gold pieces.

Inventory:

Armour
 a - a +0 robe (worn)
 i - a +0 pair of gloves (worn)
Jewellery
 c - a ring of positive energy
 h - an amulet of the acrobat
Scrolls
 g - a scroll of enchant armour {unknown}
 j - a scroll of fog {unknown}
 k - 3 scrolls of noise {unknown}
Potions
 b - 3 potions of lignification
 d - a potion of curing {unknown}
 e - a potion of heal wounds {unknown}
 f - a potion of haste {unknown}


   Skills:
 + Level 1.1 Fighting
 + Level 1.7 Dodging
 * Level 1.7 Stealth
 * Level 3.2 Unarmed Combat
 + Level 2.1 Spellcasting
 + Level 2.1 Transmutations


You had 4 spell levels left.
You knew the following spells:

 Your Spells              Type           Power      Damage    Failure   Level
a - Beastly Appendage     Tmut           14%        N/A       11%         1

Your spell library contained the following spells:

 Spells                   Type           Power      Damage    Failure   Level
 Wereblood                Tmut           7%         N/A       16%         2
 Spider Form              Tmut/Pois      4%         N/A       43%         3
 Ice Form                 Ice/Tmut       4%         N/A       85%         4


Dungeon Overview and Level Annotations

Branches:
Dungeon (1/15)

Altars:


Innate Abilities, Weirdness & Mutations

You have temporarily grown beastly horns.
Your serpentine skin is tough. (AC +0)
You have supernaturally acute eyesight. (SInv)
Armour fits poorly on your strangely shaped body.
Your system is resistant to poisons. (rPois)
You cover ground very slowly.
You can spit poison.
You have a snake-like lower body.


Message History

You hit the jackal. Your headbutt misses the jackal.
The jackal is moderately wounded.
The jackal barely misses you.
You barely miss the jackal.
The jackal is moderately wounded.
The jackal closely misses you. The jackal barely misses you.
You barely miss the jackal. The jackal bites you.
You closely miss the jackal. The jackal bites you.
You closely miss the jackal.
You headbutt the jackal, but do no damage.
The jackal closely misses you.
You hit the jackal. You headbutt the jackal.
You kill the jackal!
Aiming: Spit Poison (2% risk of failure)
Press: ? - help, Shift-Dir - straight line, f - endoplasm
Aim: an endoplasm (97% to hit)
The splash of poison hits the endoplasm.
The endoplasm is poisoned.
The endoplasm is moderately wounded.
The endoplasm freezes you.
You are frozen.
* * * LOW HITPOINT WARNING * * *
You hit the endoplasm. You headbutt the endoplasm.
You kill the endoplasm!
Your horns disappear.
The jackal misses you.
You hit the jackal.
The jackal is severely wounded.
The jackal barely misses you.
Casting: Beastly Appendage (safe; 11% risk of failure)
Confirm with . or Enter, or press ? or * to list all spells.
You grow a pair of large bovine horns.
The jackal bites you but does no damage.
Unknown command.
You hit the jackal.
The jackal is almost dead.
The jackal bites you.
* * * LOW HITPOINT WARNING * * *
The jackal bites you.
You die...

#........#
#.# #.
####.#####
#.# #. #.#
#. .# #. #.#
#. #. #.# #.
#. #.#
#.########
#. #.#
.!....$.# #.
#.####.....#
#.
#...@h.....#
##
######>....#
#.....#
......#
......#
.........
..........
#......####


You could see a jackal.

Vanquished Creatures
  2 ball pythons (D:1)
  3 endoplasms (D:1)
  A hobgoblin (D:1)
  6 jackals (D:1)
  2 kobolds (D:1)
  2 rats (D:1)
16 creatures vanquished.

Notes
Turn   | Place    | Note
-------+----------+-------------------------------------------
     0 | D:1      | Woods the Naga Transmuter began the quest for the Orb.
     0 | D:1      | Reached XP level 1. HP: 18/18 MP: 3/3
   105 | D:1      | Reached skill level 1 in Stealth
   196 | D:1      | Reached XP level 2. HP: 17/25 MP: 3/5
   792 | D:1      | Slain by a jackal

Illustrated notes

Levels and vault maps discovered:
D:1:      roderic_octagonal_star, layout_basic, corner_web_ring,
          ebering_dispersal_statue_hall

Skill      XL: |  1 |
---------------+----+-----
Stealth        | 1 |  1.7
Fighting       | |  1.1
Dodging        | |  1.7
Unarmed Combat | |  3.2
Spellcasting   | |  2.1
Transmutations | |  2.1

Action                     || total
---------------------------++-------
  Melee: Unarmed           ||    41
         Headbutt          ||     7
   Cast: Beastly Appendage ||     9
Ability: Spit Poison       ||     5
 Armour: Robe              ||     6
  Dodge: Dodged            ||    25
